 Dungeon Crawl Stone Soup version 0.20-a0-492-g6327889 (webtiles) character file.

258 Goblin1989 the Ruffian (level 5, -1/46 HPs)
             Began as a Troll Transmuter on Jan 15, 2017.
             Shot with an arrow by a centaur (3 damage)
             ... on level 5 of the Dungeon.
             The game lasted 00:06:04 (2915 turns).

Goblin1989 the Ruffian (Troll Transmuter)           Turns: 2915, Time: 00:06:05

Health: -1/46      AC:  5    Str: 18    XL:     5   Next: 94%
Magic:  1/5        EV: 10    Int: 10    God:
Gold:   190        SH:  0    Dex: 10    Spells: 0/6 levels left

rFire    . . .     SeeInvis .     - Unarmed
rCold    . . .     Gourm    +   b - +0 robe
rNeg     . . .     Faith    .   (no shield)
rPois    +         Spirit   .   (helmet restricted)
rElec    .         Reflect  .   (no cloak)
rCorr    .         Harm     .   (gloves unavailable)
MR       .....                  (boots unavailable)
Stlth    +.........             (no amulet)
Regen    0.5/turn               (no ring)
                                o - ring of poison resistance

@: very slightly contaminated
A: unfitting armour, claws 3, fast metabolism 3, gourmand, regeneration 1,
shaggy fur 1, tough skin 2
a: no special abilities


You were on level 5 of the Dungeon.
You were very full.

You visited 1 branch of the dungeon, and saw 5 of its levels.

You collected 190 gold pieces.

Inventory:

Missiles
 a - 46 arrows
 C - 2 curare-tipped needles
Armour
 b - a +0 robe (worn)
Jewellery
 o - a ring of poison resistance (left claw)
Scrolls
 d - 3 scrolls of teleportation {unknown}
 g - 5 scrolls of amnesia {unknown}
 i - a scroll of immolation {unknown}
 j - 7 scrolls of identify {unknown}
 p - a scroll of enchant weapon {unknown}
 r - 2 scrolls of enchant armour {unknown}
 s - a scroll of magic mapping {unknown}
 u - 2 scrolls of random uselessness {unknown}
 y - a scroll of blinking {unknown}
 z - a scroll of fear {unknown}
 B - a scroll of remove curse {unknown}
Potions
 h - a potion of heal wounds {unknown}
 k - a potion of magic {unknown}
 l - a potion of might {unknown}
 n - 3 potions of curing {unknown}
 q - a potion of degeneration {unknown}
 t - a potion of invisibility {unknown}
 v - a potion of agility {unknown}
 w - a potion of haste {unknown}
 x - 2 potions of cancellation {unknown}
Books
 c - a book of Changes

   Spells                             Type                      Level
   a - Beastly Appendage              Transmutation                1
   b - Sticks to Snakes               Transmutation                2
   c - Spider Form                    Transmutation/Poison         3
   d - Ice Form                       Ice/Transmutation            4
   e - Blade Hands                    Transmutation                5
Comestibles
 e - 7 bread rations {@e1}
 f - 2 slices of pizza
 m - 2 chunks of flesh {@w0}
 A - 4 meat rations {@e2}


   Skills:
 - Level 0.7 Fighting
 - Level 1.5 Dodging
 * Level 6.4 Unarmed Combat
 - Level 1.2 Spellcasting
 + Level 1.9 Transmutations


You couldn't memorise any spells.
You knew the following spells:

 Your Spells              Type           Power        Failure   Level  Hunger
a - Beastly Appendage     Tmut           #.....       17%         1    ##.....
b - Sticks to Snakes      Tmut           #.......     24%         2    ###....
c - Spider Form           Tmut/Pois      #.........   77%         3    ####...


Dungeon Overview and Level Annotations

Branches:
Dungeon (5/15)
 Temple: D:4-7

Altars:

Shops:
D:5 (

Annotations:
D:3 dobroeutro's ghost, amateur GrFi


Innate Abilities, Weirdness & Mutations

You are too large for most types of armour.
You have claws for hands.
Your metabolism is lightning-fast.
You like to eat raw meat.
Your natural rate of healing is unusually fast.
You are covered in fur. (AC +1)
You have very tough skin. (AC +2)


Message History

Unknown command.
Unknown command.
Unknown command.
Cast which spell? (? or * to list)
You create a snake!
You now have 46 arrows.
The centaur shoots an arrow.
The arrow hits you!
* * * LOW HITPOINT WARNING * * *
The centaur shoots an arrow.
The arrow barely misses you.
You take 9 damage, and have 4/46 hp.
You now have 3/5 mp.
Casting: Sticks to Snakes
Confirm with . or Enter, or press ? or * to list all spells.
You miscast Sticks to Snakes.
You are very lightly contaminated with residual magic.
Nothing appears to happen.
You now have 1/5 mp.
The centaur shoots an arrow.
The arrow hits you.
* * * LOW HITPOINT WARNING * * *
Your ball python barely misses the centaur.
The centaur shoots an arrow.
The arrow hits you.
You die... █.....[... █c█ .....█ █o█ ..... █o█ .....█ █████o█

... . █.....███.....
█..........█.█
█...o█████.█.████
█....c.██@.......
█....█.██..█.████
█....█.██((█.█
█....█..cS...█
█.███████████████████
█....................
█████████████........
█.........
█..████████


You could see a centaur and a friendly ball python.

Vanquished Creatures
  2 orc priests (D:4)
  An orc wizard (D:4)
  2 worker ants (D:4)
  A howler monkey skeleton (D:4)
  An adder (D:3)
  An ooze (D:3)
  An adder skeleton (D:4)
  2 worms
  2 dart slugs (D:2)
  7 orcs
  2 ball pythons
  3 giant cockroaches (D:2)
  10 goblins
  7 hobgoblins
  11 jackals
  2 quokkas
  10 bats
  4 frilled lizards
  4 kobolds
  8 rats
81 creatures vanquished.

Notes
Turn   | Place    | Note
-------+----------+-------------------------------------------
     0 | D:1      | Goblin1989 the Troll Transmuter began the quest for the Orb.
     0 | D:1      | Reached XP level 1. HP: 18/18 MP: 1/1
   336 | D:1      | Reached XP level 2. HP: 26/26 MP: 2/2
   806 | D:1      | Reached skill level 4 in Unarmed Combat
  1007 | D:2      | Found a faded altar of an unknown god.
  1099 | D:2      | Reached XP level 3. HP: 30/32 MP: 3/3
  1749 | D:3      | Reached XP level 4. HP: 40/40 MP: 4/4
  1763 | D:3      | Reached skill level 5 in Unarmed Combat
  1881 | D:3      | Noticed dobroeutro's ghost (amateur GrFi)
  2102 | D:4      | Reached XP level 5. HP: 22/46 MP: 5/5
  2373 | D:4      | Reached skill level 6 in Unarmed Combat
  2437 | D:4      | Learned a level 2 spell: Sticks to Snakes
  2441 | D:4      | Learned a level 3 spell: Spider Form
  2866 | D:5      | Entered Level 5 of the Dungeon
  2893 | D:5      | Found Beerasche's Antique Weapon Shop.
  2896 | D:5      | Noticed a centaur
  2901 | D:5      | Noticed a centaur
  2915 | D:5      | HP: 2/46 [centaur/arrow (4)]
  2915 | D:5      | Shot with an arrow by a centaur

Vault maps used:
D:1:      minmay_arrival_pointy, serial_bayou_crossing
D:2:      chequers_ecumenical_altar_twisty, first_bread
D:3:      serial_co_window_serial, co_window_of_opportunity_a,
          co_window_corner_a, co_window_paths_a, co_window_cross_1,
          co_window_cross_1, co_window_paths_a, co_window_cross_1,
          co_window_of_opportunity_b, co_window_broadway_b,
          co_window_of_opportunity_b, co_window_broadway_b,
          co_window_unsneaky_path_e, co_window_unsneaky_path_c, glass_columns_a,
          glass_columns_a, minivault_26
D:4:      minivault_11, kennysheep_generic_room_7
D:5:      serial_shops, shop, shop, nicolae_shop_statue_plus

Skill      XL: |  1  2  3  4  5 |
---------------+----------------+-----
Unarmed Combat | 4 5 6 |  6.4
Fighting       | |  0.7
Dodging        | |  1.5
Spellcasting   | |  1.2
Transmutations | |  1.9

Action                   |  1- 3 |  4- 6 || total
-------------------------+-------+-------++-------
Melee: Unarmed           |   133 |   101 ||   234
       Punch             |     1 |     1 ||     2
 Cast: Sticks to Snakes  |       |     1 ||     1
 Stab: Sleeping          |     3 |       ||     3
  Eat: Chunk             |    22 |    10 ||    32
Armor: Robe              |    53 |    35 ||    88
Dodge: Dodged            |    63 |    59 ||   122

Vault maps used:
D:1:      minmay_arrival_pointy, serial_bayou_crossing
D:2:      chequers_ecumenical_altar_twisty, first_bread
D:3:      serial_co_window_serial, co_window_of_opportunity_a,
          co_window_corner_a, co_window_paths_a, co_window_cross_1,
          co_window_cross_1, co_window_paths_a, co_window_cross_1,
          co_window_of_opportunity_b, co_window_broadway_b,
          co_window_of_opportunity_b, co_window_broadway_b,
          co_window_unsneaky_path_e, co_window_unsneaky_path_c, glass_columns_a,
          glass_columns_a, minivault_26
D:4:      minivault_11, kennysheep_generic_room_7
D:5:      serial_shops, shop, shop, nicolae_shop_statue_plus
